 Dungeon Crawl Stone Soup version 0.28-a0-1510-gd0f6b136d3 (webtiles) character file.

Game seed: 5505674650191567271

12154 dolemite99 the Severer (level 11, -10/110 HPs)
             Began as a Hill Orc Fighter on Jan 15, 2022.
             Was a Plaything of Xom.
             Mangled by a two-headed ogre (19 damage)
             ... on level 10 of the Dungeon.
             The game lasted 00:12:24 (10428 turns).

dolemite99 the Severer (Hill Orc Fighter)          Turns: 10428, Time: 00:12:25

Health: -10/110    AC: 26    Str: 21 (22) XL:     11   Next: 88%
Magic:  11/11      EV:  3    Int:  8      God:    Xom [*.....]
Gold:   372        SH:  6    Dex: 10      Spells: 10/10 levels left

rFire   + . .      SeeInvis .   a - +4 hand axe (vamp)
rCold   + . .      Faith    .   r - +2 buckler
rNeg    . . .      Spirit   .   z - +9 scales of the Dragon King {rPois rF+ rC+ Will+}
rPois   +          Reflect  .   (no helmet)
rElec   .          Harm     .   O - scarf {repulsion}
rCorr   .          Rampage  .   (no gloves)
Will    ++...                   (no boots)
Stlth   ..........              (no amulet)
HPRegen 0.28/turn               m - ring of flight
MPRegen 0.12/turn               (no ring)

@: flying, repel missiles
A: hooves 1, deterioration 1, strong-willed 1, weak 1
a: Renounce Religion


You were on level 10 of the Dungeon.
You worshipped Xom.
You were a special plaything of Xom.
You visited 1 branch of the dungeon, and saw 10 of its levels.

You collected 470 gold pieces.
You spent 98 gold pieces at shops.

Inventory:

Hand Weapons
 a - a +4 vampiric hand axe (weapon)
 b - a +3 war axe
 d - a +0 war axe
 D - a +0 battleaxe
 F - a +5 vampiric glaive
 G - a +0 fustibalus
 K - a +2 battleaxe
 L - a +0 trident
Missiles
 h - 197 stones
 j - 18 poisoned darts (quivered)
 I - 6 javelins
Armour
 c - a +0 buckler
 r - a +2 buckler (worn)
 z - the +9 scales of the Dragon King (worn) {rPois rF+ rC+ Will+}
   (Xom gifted it to you on level 5 of the Dungeon)

   rF:        It protects you from fire.
   rC:        It protects you from cold.
   rPois:     It protects you from poison.
   Will:      It increases your willpower.
 J - a +0 scale mail
 M - a +2 buckler
 O - a scarf of repulsion (worn)
Jewellery
 m - a ring of flight (left hand)
Wands
 x - a wand of polymorph (21)
 y - a wand of digging (5)
 C - a wand of mindburst (5)
 H - a wand of paralysis (2)
 P - a wand of iceblast (4)
Scrolls
 e - 2 scrolls of vulnerability
 g - a scroll of fear {unknown}
 l - a scroll of enchant weapon {unknown}
 q - a scroll of torment {unknown}
 t - a scroll of immolation
 u - 4 scrolls of enchant armour {unknown}
 w - a scroll of noise {unknown}
 A - a scroll of amnesia {unknown}
 E - a scroll of fog {unknown}
Potions
 f - a potion of brilliance
 i - 2 potions of lignification
 o - 2 potions of magic
 p - 2 potions of haste
 s - 3 potions of attraction
 v - 2 potions of might
 B - a potion of invisibility {unknown}
Miscellaneous
 N - a condenser vane (inert)


   Skills:
 + Level 14.1 Fighting
 - Level 15.1 Axes
 - Level 10.3 Armour
 - Level 3.2 Shields


You had 10 spell levels left.
You didn't know any spells.
Your spell library contained the following spells:

 Spells                   Type           Power      Damage    Failure   Level
 Sting                    Tmut/Pois      0%         1d3       100%        1
 Poisonous Vapours        Pois/Air       0%         N/A       100%        2
 Static Discharge         Conj/Air       0%         N/A       100%        2
 Olgreb's Toxic Radiance  Pois           0%         N/A       100%        4
 Summon Ice Beast         Ice/Summ       0%         N/A       100%        4
 Summon Mana Viper        Hex/Summ       0%         N/A       100%        5
 Conjure Ball Lightning   Conj/Air       0%         3x3d6     100%        6
 Dispersal                Tloc           0%         N/A       100%        6
 Monstrous Menagerie      Summ           0%         N/A       100%        7


Dungeon Overview and Level Annotations

Branches:
Dungeon (10/15)              Lair (0/6) D:9
 Temple: D:4-7          Orc: D:9-12

Altars:
Wu Jian
Xom

Shops:
D:4 !

Annotations:
D:6 exclusion: downstairs


Innate Abilities, Weirdness & Mutations

You have large cloven feet.
Your body sometimes deteriorates upon taking damage.
You are strong-willed. (Will+)
You are weak. (Str -2)


Message History

The two-headed ogre barely misses you.
You hear a shout! x6
You feel a sense of dread.
a - a +4 vampiric hand axe (weapon)
The centaur hits you but does no damage.
The centaur kicks you but does no damage.
A troll comes into view.
The howler monkey hoots and howls with incredible vigour!
You hear a shout! x2
You hit the two-headed ogre. Your kick misses the two-headed ogre.
The two-headed ogre is lightly wounded.
You slash the centaur!
You feel better. You block the centaur's attack. x2
You completely miss the two-headed ogre.
You kick the two-headed ogre, but do no damage.
The two-headed ogre is lightly wounded.
You slash the centaur!
You feel better.
Xom chortles.
The two-headed ogre's +0 giant club erupts in a glittering mayhem of colour.
A shadow comes into view.
You block the centaur's attack. x2
The two-headed ogre hits you with a +1 giant club of chaos!
* * * LOW HITPOINT WARNING * * *
Your body deteriorates!
You feel weakened. The two-headed ogre freezes you.
* * * LOW HITPOINT WARNING * * *
The two-headed ogre hits you with a +0 giant spiked club.
* * * LOW HITPOINT WARNING * * *
You hit the two-headed ogre.
The two-headed ogre is lightly wounded.
You closely miss the centaur. The centaur hits you.
* * * LOW HITPOINT WARNING * * *
The centaur kicks you but does no damage.
The shadow slips into darkness.
The shadow flickers and vanishes!
You hit the centaur but do no damage.
The centaur is almost dead.
You hit the two-headed ogre.
You feel better.
The two-headed ogre hits you with a +1 giant club of chaos!!
You die...
Xom bursts into laughter!

#######.### #
..#.........#
#.#.#.#.#.#.#
#(#.(.......
#.#.#.#.#.#.#..
#Z.§§.)/.......
#D#§#D#.#.#.#
#O#.{Z......#
#@#.#z#.#.#.#
...{TTc.#.........#
###h#########.#####
.... .#... . .#..#
....# .#..


You could see a two-headed ogre, 2 trolls, a steam dragon, a centaur, a howler
monkey and a centaur warrior zombie.

Vanquished Creatures
  A centaur warrior (D:8)
  A two-headed ogre (D:10)
  A steelbarb worm (D:8)
  A manticore (D:9)
  A gargoyle (D:8)
  A kobold demonologist (D:10)
  4 trolls
  2 slime creatures (D:8)
  A hornet (D:10)
  4 wraiths
  4 wyverns
  A shadow (D:9)
  8 yaks (D:9)
  3 steam dragons
  2 vampire mosquitoes (D:9)
  A basilisk (D:10)
  An acid dragon (D:10)
  A water moccasin (D:7)
  An orc warrior (D:6)
  3 ice beasts (D:6)
  2 sky beasts
  3 necrophages
  A black bear (D:5)
  4 wolves (D:9)
  2 ogres
  2 centaurs
  A phantom (D:4)
  2 kobold brigands
  4 scorpions
  A bullfrog (D:6)
  2 wyvern zombies
  8 wights
  4 killer bees
  4 electric eels (D:9)
  A howler monkey (D:8)
  2 centaur zombies
  5 hounds
  2 bullfrog zombies
  2 orc priests
  A bullfrog skeleton (D:5)
  2 gnoll shamans
  Terence (D:3)
  5 orc wizards
  Ijyb (D:4)
  A hound skeleton (D:4)
  2 howler monkey zombies
  8 adders
  14 gnolls
  A shadow imp (D:5)
  2 worms
  A dart slug (D:3)
  19 orcs
  7 endoplasms
  A giant cockroach (D:3)
  8 goblins
  5 hobgoblins
  4 jackals (D:1)
  12 kobolds
  4 quokkas
  2 ball pythons (D:1)
  8 bats
  7 frilled lizards
  8 rats
218 creatures vanquished.

Vanquished Creatures (collateral kills)
  A water moccasin (D:8)
  An orc warrior (D:6)
  An ogre (D:4)
  A howler monkey (D:8)
  A gnoll shaman (D:6)
  An orc wizard (D:6)
  2 gnolls
  2 orcs
10 creatures vanquished.

Vanquished Creatures (others)
  A yak (D:9)
  2 howler monkeys (D:8)
3 creatures vanquished.

Grand Total: 231 creatures vanquished

Notes
Turn   | Place    | Note
-------+----------+-------------------------------------------
     0 | D:1      | dolemite99 the Hill Orc Fighter began the quest for the
                  | Orb.
     0 | D:1      | Reached XP level 1. HP: 19/19 MP: 1/1
   180 | D:1      | Reached skill level 3 in Axes
   201 | D:1      | Reached XP level 2. HP: 9/26 MP: 2/2
   510 | D:1      | Found a faded altar of an unknown god.
   577 | D:1      | Prayed at the altar of an unknown god.
   577 | D:1      | Became a worshipper of Xom the Begetter of Turbulence
   593 | D:1      | Reached skill level 4 in Axes
   705 | D:1      | Got the Tome of Cloudy Translocation
   744 | D:1      | XOM: noise
  1233 | D:2      | Reached XP level 3. HP: 28/31 MP: 3/3
  1281 | D:2      | Reached skill level 5 in Axes
  1783 | D:2      | XOM: confuse monster(s)
  1788 | D:2      | Reached XP level 4. HP: 39/39 MP: 4/4
  1802 | D:2      | Reached skill level 6 in Axes
  2115 | D:2      | XOM: silly message
  2122 | D:2      | XOM: silly message
  2266 | D:3      | XOM: noise
  2309 | D:3      | Noticed Terence
  2324 | D:3      | Killed Terence
  2325 | D:3      | Reached XP level 5. HP: 18/45 MP: 5/5
  2441 | D:3      | XOM: silly message
  2450 | D:3      | Reached skill level 7 in Axes
  2614 | D:3      | XOM: summons friendly crimson imp
  2624 | D:3      | Reached skill level 8 in Axes
  2624 | D:3      | Reached XP level 6. HP: 23/51 MP: 6/6
  2757 | D:3      | XOM: 6-stop teleportation journey
  2820 | D:3      | XOM: give mutations
  2820 | D:3      | Gained mutation: Your body sometimes deteriorates upon
                  | taking damage. [Xom's mischief]
  2820 | D:3      | Gained mutation: You are weak. (Str -2) [Xom's mischief]
  2820 | D:3      | Lost mutation: Your body sometimes deteriorates upon taking
                  | damage. [Xom's mischief]
  3166 | D:4      | Found an ornate altar of the Wu Jian Council.
  3437 | D:4      | XOM: summons 4 friendly demons
  3453 | D:4      | Reached skill level 9 in Axes
  3513 | D:4      | Found Laduedom's Distillery.
  3522 | D:4      | XOM: fog
  3523 | D:4      | XOM: butterfly on damage
  3525 | D:4      | Reached skill level 10 in Axes
  3525 | D:4      | Reached XP level 7. HP: 28/57 MP: 7/7
  3532 | D:4      | XOM: give mutations
  3532 | D:4      | Gained mutation: You are strong-willed. (Will+) [Xom's
                  | grace]
  3532 | D:4      | Gained mutation: You have large cloven feet. [Xom's grace]
  3532 | D:4      | Gained mutation: You have a pair of small horns on your
                  | head. [Xom's grace]
  3532 | D:4      | Gained mutation: You are agile. (Dex +2) [Xom's grace]
  3631 | D:4      | Bought a potion of might for 56 gold pieces
  3631 | D:4      | Bought a potion of lignification for 42 gold pieces
  3652 | D:4      | XOM: cleaving
  3708 | D:4      | Reached skill level 11 in Axes
  3845 | D:4      | Noticed Ijyb
  3859 | D:4      | Killed Ijyb
  3920 | D:5      | Entered Level 5 of the Dungeon
  3939 | D:5      | XOM: 5-stop teleportation journey
  4016 | D:5      | XOM: cast spell 'Summon Cactus Giant'
  4020 | D:5      | Reached XP level 8. HP: 58/64 MP: 8/8
  4115 | D:5      | XOM: fog
  4124 | D:5      | Reached skill level 12 in Axes
  4189 | D:5      | XOM: silly message
  4247 | D:5      | XOM: butterfly on damage
  4322 | D:5      | XOM: silly message
  4554 | D:5      | XOM: scenery: summon butterflies
  4668 | D:5      | Reached skill level 13 in Axes
  4892 | D:5      | XOM: god gift: +9 scales of the Dragon King {rPois rF+ rC+
                  | Will+}
  4893 | D:5      | Found the +9 scales of the Dragon King {rPois rF+ rC+
                  | Will+}
  4925 | D:5      | XOM: cleaving
  5046 | D:5      | XOM: confuse monster(s)
  5065 | D:5      | XOM: cloud trail
  5251 | D:5      | XOM: scenery: summon butterflies
  5383 | D:6      | Reached skill level 14 in Axes
  5456 | D:6      | Reached XP level 9. HP: 67/70 MP: 9/9
  5510 | D:6      | Reached skill level 15 in Axes
  5774 | D:6      | XOM: enchant monster (good)
  5807 | D:6      | XOM: fog
  5830 | D:6      | XOM: scenery: create altars
  5852 | D:6      | Reached skill level 5 in Armour
  6014 | D:6      | XOM: give mutation
  6014 | D:6      | Gained mutation: You are partially covered in iridescent
                  | scales. (AC +2) [Xom's grace]
  6183 | D:7      | Noticed a seven-headed hydra
  6193 | D:7      | XOM: cleaving
  6194 | D:7      | XOM: summons 4 friendly demons
  6240 | D:7      | XOM: fake destruction
  6434 | D:8      | XOM: summons 7 friendly demons
  6466 | D:8      | XOM: snakes to sticks
  6490 | D:8      | XOM: silly message
  6495 | D:8      | XOM: blink monster(s)
  6496 | D:8      | Noticed an eye of devastation
  6496 | D:8      | a slime creature changed into an eye of devastation
  6496 | D:8      | XOM: polymorph slime creature -> eye of devastation
  6504 | D:8      | Reached XP level 10. HP: 75/77 MP: 10/10
  6505 | D:8      | Noticed a steelbarb worm
  6505 | D:8      | an eye of devastation changed into a steelbarb worm
  6505 | D:8      | XOM: polymorph eye of devastation -> steelbarb worm
  6523 | D:8      | Killed a steelbarb worm
  6525 | D:8      | XOM: noise
  6539 | D:8      | Reached skill level 10 in Armour
  6656 | D:8      | Noticed a centaur warrior
  6665 | D:8      | Killed a centaur warrior
  6665 | D:8      | XOM: summons friendly crimson imp
  6669 | D:8      | XOM: blink monster(s)
  6779 | D:8      | Noticed a gargoyle
  6791 | D:8      | Killed a gargoyle
  6792 | D:8      | XOM: give mutations
  6792 | D:8      | Lost mutation: You are agile. (Dex +2) [Xom's mischief]
  6792 | D:8      | Gained mutation: Your body sometimes deteriorates upon
                  | taking damage. [Xom's mischief]
  6884 | D:8      | XOM: polymorph crimson imp -> white imp
  7055 | D:8      | XOM is BORED!
  7055 | D:8      | XOM: give mutations
  7055 | D:8      | Lost mutation: You have a pair of small horns on your head.
                  | [Xom's mischief]
  7055 | D:8      | Lost mutation: You are partially covered in iridescent
                  | scales. (AC +2) [Xom's mischief]
  7512 | D:7      | XOM: 2-stop teleportation journey
  8320 | D:9      | XOM: summons 6 hostile demons
  8576 | D:9      | XOM: enchant monster (bad)
  8597 | D:9      | Reached XP level 11. HP: 76/97 MP: 11/11
  8787 | D:9      | XOM: enchant monster (bad)
  8828 | D:9      | Found a staircase to the Lair.
  8845 | D:9      | XOM: noise
  8847 | D:9      | Reached skill level 10 in Fighting
  8852 | D:9      | XOM: 2-stop teleportation journey
  9055 | D:9      | XOM: 4-stop teleportation journey
  9099 | D:9      | XOM: divine lightning
  9504 | D:9      | Noticed a manticore
  9507 | D:9      | XOM: noise
  9512 | D:9      | XOM: swap monsters
  9519 | D:9      | Killed a manticore
  9949 | D:10     | Entered Level 10 of the Dungeon
  9986 | D:9      | XOM: summons 6 hostile demons
 10174 | D:10     | XOM: noise
 10176 | D:10     | XOM: silly message
 10178 | D:10     | XOM: cast spell 'Necromutation'
 10181 | D:10     | XOM: enchant monster (bad)
 10271 | D:10     | Noticed a two-headed ogre
 10280 | D:10     | Killed a two-headed ogre
 10392 | D:10     | Noticed a two-headed ogre
 10392 | D:10     | XOM: 1-stop teleportation journey
 10401 | D:10     | XOM: noise
 10403 | D:10     | Noticed a skeletal warrior
 10426 | D:10     | XOM: chaos upgrade
 10428 | D:10     | Mangled by a two-headed ogre

Illustrated notes

Levels and vault maps discovered:
D:1:      tarquinn_simple_flora_water_a, layout_loops_corners,
          chequers_ecumenical_altar_island
D:2:      layout_loops_cross
D:3:      layout_basic, uniq_terence
D:4:      layout_basic, amcnicky_altar_gilded, minivault_1, eino_tiny_chamber,
          kennysheep_windowed_goal, uniq_ijyb
D:5:      layout_loops_corners
D:6:      layout_basic
D:7:      layout_rooms, minmay_temple_entry_overgrown
D:8:      minmay_ornate_pinched, layout_basic
D:9:      layout_basic, erik_lair_island, small_chamber_with_monster,
          kennysheep_generic_room_15
D:10:     minmay_the_grid_4x2 [minmay_the_grid_box_x,
          minmay_the_grid_minigrid_small_alt, minmay_the_grid_medium_cups,
          minmay_the_grid_gridbox, minmay_the_grid_armoury,
          minmay_the_grid_minigrid_small, minmay_the_grid_pillar_ring,
          minmay_the_grid_prize_inner_circle], layout_rooms,
          kennysheep_generic_room_9, uniq_nergalle

Skill      XL: |  1  2  3  4  5  6  7  8  9 10 11 |
---------------+----------------------------------+-----
Axes           | 3 4 5 6 8 10 11 14 15 | 15.1
Armour         | 8 10 | 10.3
Fighting       | 9 14 | 14.1
Shields        | |  3.2

Action                   |  1- 3 |  4- 6 |  7- 9 | 10-12 || total
-------------------------+-------+-------+-------+-------++-------
Melee: War axe           |   102 |    33 |       |   231 ||   366
       Hand axe          |       |    99 |   271 |   107 ||   477
       Kick              |       |       |    82 |    94 ||   176
       Headbutt          |       |       |    58 |    15 ||    73
Throw: Stone             |     9 |    37 |       |       ||    46
       Dart              |       |     5 |    17 |    10 ||    32
Evoke: Wand              |       |       |       |    13 ||    13
       Condenser vane    |       |       |       |     1 ||     1
  Use: Potion            |       |     1 |       |     4 ||     5
       Scroll            |       |       |     4 |     4 ||     8
 Stab: Confused          |       |       |       |     3 ||     3
Armor: Scale mail        |    69 |    47 |    27 |       ||   143
       Gold dragon scale |       |       |    88 |   360 ||   448
Dodge: Dodged            |    52 |    60 |    27 |    71 ||   210
Block: Buckler           |    30 |    32 |    52 |   105 ||   219

Table legend: (Time is in decaauts)
 A = Elapsed time spent in this place.
 B = Non-inter-level travel time spent in this place.
 C = Inter-level travel time spent in this place.
 D = Time resting spent in this place.
 E = Time spent auto-exploring this place.
 F = Levels seen in this place.
 G = Mean time per level.
                   A        B        C        D        E       F      G
               +--------+--------+--------+--------+--------+-----+--------+
         Total |  10319 |   9923 |    396 |   2377 |   5336 |  10 | 1031.9 |
       Dungeon |  10319 |   9923 |    396 |   2377 |   5336 |  10 | 1031.9 |
               +--------+--------+--------+--------+--------+-----+--------+

Top non-repeatable levels by time:
     D:9: 2143 daAuts
     D:8: 1566 daAuts
     D:5: 1404 daAuts
     D:1: 1243 daAuts
     D:2: 1066 daAuts
     D:4: 871 daAuts
     D:3: 783 daAuts
     D:6: 722 daAuts
     D:7: 329 daAuts
    D:10: 187 daAuts
